 Dungeon Crawl Stone Soup version 0.28-a0-706-gf6f64a616a (webtiles) character file.

Game seed: 14592858518315662034

233 KoroneIsBestGirl the Skirmisher (level 6, -2/51 HPs)
             Began as a Barachi Fighter on Oct 24, 2021.
             Was a Plaything of Xom.
             Slain by Pikel (5 damage)
             ... on level 3 of the Dungeon.
             The game lasted 00:04:02 (3408 turns).

KoroneIsBestGirl the Skirmisher (Barachi Fighter)   Turns: 3408, Time: 00:04:03

Health: -2/51      AC:  7    Str: 18 (20) XL:     6   Next: 5%
Magic:  6/6        EV:  9    Int:  8      God:    Xom [..*...]
Gold:   95         SH:  5    Dex: 11      Spells: 5/5 levels left

rFire   + . .      SeeInvis .   a - +1 long sword
rCold   + . .      Faith    .   c - +0 buckler
rNeg    . . .      Spirit   .   b - +0 scale mail
rPois   +          Reflect  .   (no helmet)
rElec   +          Harm     .   (no cloak)
rCorr   +          Rampage  .   (no gloves)
Will    .....                   (no boots)
Stlth   ..........              (no amulet)
HPRegen 0.17/turn               h - ring of resist corrosion
MPRegen 0.10/turn               q - ring of poison resistance

@: resistant, cleaving, unable to hop, on berserk cooldown, slowed, very slow
A: amphibious, slowness 1, strong legs 1, +LOS
a: Hop, Renounce Religion


You were on level 3 of the Dungeon.
You worshipped Xom.
You were a toy of Xom.
You visited 1 branch of the dungeon, and saw 4 of its levels.

You collected 95 gold pieces.

Inventory:

Hand Weapons
 a - a +1 long sword (weapon)
Missiles
 o - 2 throwing nets
Armour
 b - a +0 scale mail (worn)
 c - a +0 buckler (worn)
Magical Staves
 r - a staff of conjuration
Jewellery
 h - a ring of resist corrosion (left hand)
 q - a ring of poison resistance (right hand)
Wands
 d - a wand of acid (9)
 p - a wand of digging (1)
Scrolls
 f - a scroll of enchant armour
 l - a scroll of identify
Potions
 i - a potion of berserk rage
 j - a potion of curing


   Skills:
 + Level 5.0 Fighting
 + Level 4.1 Long Blades
 + Level 5.0 Armour
 + Level 4.5 Shields


You had 5 spell levels left.
You didn't know any spells.
Your spell library contained the following spells:

 Spells                   Type           Power      Damage    Failure   Level
 Animate Skeleton         Necr           0%         N/A       78%         1
 Apportation              Tloc           0%         N/A       78%         1
 Summon Small Mammal      Summ           0%         N/A       78%         1


Dungeon Overview and Level Annotations

Branches:
Dungeon (4/15)
 Temple: D:4-7

Altars:
Kikubaaqudgha
Makhleb
Qazlal
Xom

Annotations:
D:3 Pikel


Innate Abilities, Weirdness & Mutations

You are amphibious.
You cover ground slowly.
You can hop short distances.
You have an extended range of vision and can be seen from far away.


Message History

f - a scroll of enchant armour You are ready to hop once more.
You block the adder's attack. The adder barely misses you.
Hop to where?
Press: ? - help, Dir - move target Boing!
You block the adder's attack. The adder barely misses you.
You block the adder's attack.
It was a potion of resistance.
You feel protected.
The adder bites you but does no damage. x2
You barely miss the adder.
The adder is heavily wounded.
The adder bites you but does no damage. x2
You slash the adder!
You kill the adder!
You barely miss Pikel.
Pikel hits you with a +1 whip of freezing.
* * * LOW HITPOINT WARNING * * *
Pikel barely misses you.
You barely miss Pikel.
Pikel hits you with a +1 whip of freezing.
* * * LOW HITPOINT WARNING * * *
Pikel freezes you.
* * * LOW HITPOINT WARNING * * *
You hit Pikel.
Pikel is lightly wounded.
Pikel closely misses you. Pikel barely misses you.
You closely miss Pikel.
Pikel is lightly wounded.
Pikel closely misses you. You block Pikel's attack.
You hit Pikel but do no damage.
Pikel is lightly wounded.
Pikel barely misses you. x2
You barely miss Pikel.
Pikel is lightly wounded.
You block Pikel's attack.
Pikel hits you with a +1 whip of freezing.
You die...
Xom bursts into laughter!

..#..# #....>##.# ..#..#
###.....##.# ..#..#
#.......##.# ..#..#
#.......†..# ..#..#
#......[#### ..#..#
#.....### ..#..# #.....#
..#..#############.....#
..#.............@K5....#
###...##################
......# ......# ......#
#######


You could see Pikel and a lemure.

Vanquished Creatures
  3 lemures (D:3)
  A centaur skeleton (D:3)
  Ijyb (D:3)
  6 adders
  A worm (D:2)
  A dart slug (D:1)
  8 bats
  8 endoplasms
  4 giant cockroaches
  4 goblins
  2 hobgoblins (D:2)
  4 kobolds
  2 quokkas
  3 ball pythons (D:3)
  3 frilled lizards
  3 rats (D:1)
54 creatures vanquished.

Vanquished Creatures (others)
  The ghost of AlleluiaPinecone the Cudgeller, an amateur TrBe of Trog (D:3)
  A wyvern skeleton (D:3)
  A centaur skeleton (D:3)
3 creatures vanquished.

Grand Total: 57 creatures vanquished

Notes
Turn   | Place    | Note
-------+----------+-------------------------------------------
     0 | D:1      | KoroneIsBestGirl the Barachi Fighter began the quest for
                  | the Orb.
     0 | D:1      | Reached XP level 1. HP: 18/18 MP: 1/1
    49 | D:1      | Found a faded altar of an unknown god.
    63 | D:1      | Prayed at the altar of an unknown god.
    63 | D:1      | Became a worshipper of Xom of Chaos
    92 | D:1      | Reached XP level 2. HP: 24/25 MP: 2/2
   234 | D:1      | XOM: divination: magic mapping
   416 | D:1      | XOM: silly message
   514 | D:2      | Found a stormy altar of Qazlal.
   577 | D:2      | Reached XP level 3. HP: 30/30 MP: 3/3
  1058 | D:2      | Reached XP level 4. HP: 32/37 MP: 4/4
  1270 | D:2      | XOM: noise
  1402 | D:3      | XOM: cast spell 'Necromutation'
  1789 | D:3      | Noticed Ijyb
  1803 | D:3      | Killed Ijyb
  1977 | D:3      | Reached XP level 5. HP: 38/43 MP: 5/5
  2128 | D:3      | Found a burning altar of Makhleb.
  2132 | D:3      | Found a shimmering altar of Xom.
  2135 | D:3      | Found an ancient bone altar of Kikubaaqudgha.
  2304 | D:3      | Found a transporter.
  2308 | D:3      | Found a transporter.
  2309 | D:3      | Noticed AlleluiaPinecone's ghost (amateur TrBe)
  2515 | D:3      | XOM: silly message
  2522 | D:3      | XOM: cleaving
  2523 | D:3      | XOM: cleaving
  2525 | D:3      | Killed AlleluiaPinecone's ghost
  2525 | D:3      | XOM: divine lightning
  2526 | D:3      | Reached skill level 5 in Fighting
  2526 | D:3      | Reached skill level 5 in Armour
  2526 | D:3      | Reached XP level 6. HP: 45/51 MP: 6/6
  2649 | D:4      | Noticed Pikel
  2669 | D:3      | XOM: blink monster(s)
  2795 | D:3      | XOM: torment (17/51 hp)
  2899 | D:3      | XOM: silly message
  3369 | D:3      | XOM: summons friendly crimson imp
  3370 | D:3      | XOM: cleaving
  3373 | D:3      | XOM: divination: magic mapping
  3404 | D:3      | HP: 2/51 [Pikel (1)]
  3408 | D:3      | Slain by Pikel

Illustrated notes

Levels and vault maps discovered:
D:1:      tarquinn_simple_flora_water_c, layout_rooms,
          shapermc_ecumenical_altar_starsandcircs, grunt_decor_cap
D:2:      layout_basic, basic_altar, kennysheep_generic_room_16
D:3:      layout_basic, minmay_overflow_temple_star_quad,
          gammafunk_ghost_mausoleum, corner_web_ring, uniq_ijyb
D:4:      layout_rooms, lemuel_temple_firewalk_b, dk_rats_in_the_wall,
          uniq_pikel

Skill      XL: |  1  2  3  4  5 |
---------------+----------------+-----
Armour         | 4 5 |  5.0
Fighting       | 4 5 |  5.0
Long Blades    | 3 4 |  4.1
Shields        | 4 |  4.5

Action                   |  1- 3 |  4- 6 || total
-------------------------+-------+-------++-------
Melee: Long sword        |    83 |   119 ||   202
 Abil: Hop               |       |     4 ||     4
  Use: Scroll            |     2 |     3 ||     5
       Potion            |       |     8 ||     8
Armor: Scale mail        |    46 |    68 ||   114
Dodge: Dodged            |    27 |    70 ||    97
Block: Buckler           |    19 |    36 ||    55

Table legend: (Time is in decaauts)
 A = Elapsed time spent in this place.
 B = Non-inter-level travel time spent in this place.
 C = Inter-level travel time spent in this place.
 D = Time resting spent in this place.
 E = Time spent auto-exploring this place.
 F = Levels seen in this place.
 G = Mean time per level.
                   A        B        C        D        E       F      G
               +--------+--------+--------+--------+--------+-----+--------+
         Total |   3740 |   3612 |    128 |   1062 |   2002 |   4 |  935.0 |
       Dungeon |   3740 |   3612 |    128 |   1062 |   2002 |   4 |  935.0 |
               +--------+--------+--------+--------+--------+-----+--------+

Top non-repeatable levels by time:
     D:3: 1963 daAuts
     D:2: 1166 daAuts
     D:1: 593 daAuts
     D:4: 17 daAuts
